 Dungeon Crawl Stone Soup version 0.29-a0-271-gd4eb659eea (webtiles) character file.

Game seed: 699033817662360301

188 freelancePsychic the Skirmisher (level 5, -3/48 HPs)
             Began as a Draconian Wanderer on Mar 8, 2022.
             Slain by an adder (4 damage)
             ... in a sewer.
             The game lasted 00:04:22 (2725 turns).

freelancePsychic the Skirmisher (DrWn)              Turns: 2725, Time: 00:04:23

Health: -3/48      AC:  5    Str: 21    XL:     5   Next: 39%
Magic:  5/5        EV:  8    Int: 10    God:
Gold:   165        SH:  0    Dex: 14    Spells: 4/4 levels left

rFire   . . .      SeeInvis .   a - +0 quarterstaff (vorpal)
rCold   . . .      Faith    .   (shield currently unavailable)
rNeg    . . .      Spirit   .   (body armour unavailable)
rPois   +          Reflect  .   (helmet restricted)
rElec   .          Harm     .   (no cloak)
rCorr   .          Rampage  .   (no gloves)
Will    .....                   (no boots)
Stlth   +.........              (no amulet)
HPRegen 0.16/turn               l - ring of poison resistance
MPRegen 0.09/turn               n - +6 ring of strength

@: constricted, very slow
A: AC +5, unfitting armour, cold-blooded
a: no special abilities


You were in a sewer.
You visited 1 branch of the dungeon, and saw 3 of its levels.
You also visited: Sewer.

You collected 165 gold pieces.

Inventory:

Hand Weapons
 a - a +0 vorpal quarterstaff (weapon)
 d - a +0 dagger
 m - a +0 long sword
 q - a +0 hunting sling
Missiles
 c - 11 poisoned darts (quivered)
Jewellery
 l - a ring of poison resistance (left hand)
 n - a +6 ring of strength (right hand)
 o - a +6 ring of strength
Scrolls
 h - a scroll of amnesia
Potions
 b - a potion of lignification
 e - a potion of brilliance
 g - 2 potions of resistance
 i - 2 potions of degeneration
 j - a potion of ambrosia {unknown}
 k - a potion of magic {unknown}
 p - 2 potions of might {unknown}


   Skills:
 + Level 5.2 Fighting
 - Level 4.0 Staves
 - Level 2.9 Throwing
 - Level 3.0 Unarmed Combat


You had 4 spell levels left.
You didn't know any spells.
Your spell library was empty.

Dungeon Overview and Level Annotations

Branches:
Dungeon (3/15)              Sewer (1/1)

Altars:
Fedhas


Innate Abilities, Weirdness & Mutations

Your plain brown scales are hard. (AC +5)
You cannot fit into any form of body armour.
You are cold-blooded and may be slowed by cold attacks.


Message History

The adder bites you but does no damage. The adder bites you.
The ball python bites you but does no damage.
The ball python constricts you. The adder bites you.
You are poisoned.
The adder poisons you! The ball python closely misses you.
You barely miss the adder.
The adder is heavily wounded.
You feel sick. The adder bites you.
* * * LOW HITPOINT WARNING * * *
The adder bites you but does no damage.
The ball python bites you but does no damage.
The ball python constricts you.
* * * LOW HITPOINT WARNING * * *
The adder bites you.
* * * LOW HITPOINT WARNING * * *
The ball python bites you but does no damage.
The adder bites you.
* * * LOW HITPOINT WARNING * * *
The adder bites you but does no damage.
You barely miss the adder.
The adder is heavily wounded.
You feel sick.
The ball python bites you but does no damage.
The ball python constricts you.
The adder bites you but does no damage. x2
The ball python barely misses you. The adder bites you.
* * * LOW HITPOINT WARNING * * *
The ball python bites you but does no damage.
The ball python constricts you.
* * * LOW HITPOINT WARNING * * *
The adder closely misses you.
Really read the scroll of immolation?
As you read the scroll of immolation, it crumbles to dust.
The creatures around you are filled with an inner flame!
You feel sick.
You are no longer poisoned.
The adder bites you.
* * * LOW HITPOINT WARNING * * *
The ball python bites you but does no damage.
The adder bites you.
You die...

≈####≈≈####≈≈≈###≈≈≈#
≈≈≈≈≈≈≈≈≈≈≈≈.≈.≈≈≈≈≈#
≈≈≈≈≈≈≈≈≈≈≈≈≈≈≈≈≈≈≈≈#
≈≈≈.≈.≈≈..≈≈.≈.≈≈≈≈≈#
≈###############≈≈≈≈#
≈# ##≈≈≈≈# ≈# #..≈≈≈#
≈# ##SS≈≈≈# ≈#
#wS@≈≈≈# ≈# #.SS≈≈≈#
≈# .....#≈≈≈# #......
≈≈≈# ##...≈# ≈≈≈#
#.... ≈≈≈# ##.## ≈≈≈#
## ####


You could see a worm (inner flame), 3 adders and 2 ball pythons.

Vanquished Creatures
  8 adders
  3 river rats (Sewer)
  2 worms
  2 dart slugs
  7 ball pythons
  4 endoplasms
  6 giant cockroaches
  8 goblins
  3 hobgoblins
  5 jackals
  A kobold (D:2)
  5 quokkas
  12 bats
  10 frilled lizards
  5 rats
81 creatures vanquished.

Notes
Turn   | Place    | Note
-------+----------+-------------------------------------------
     0 | D:1      | freelancePsychic the Draconian Wanderer began the quest for
                  | the Orb.
     0 | D:1      | freelancePsychic set off with the following items: a +0
                  | vorpal quarterstaff, a potion of lignification, 10 poisoned
                  | darts, a +0 dagger, a potion of brilliance
     0 | D:1      | Reached XP level 1. HP: 17/17 MP: 1/1
   154 | D:1      | Reached XP level 2. HP: 15/25 MP: 2/2
   491 | D:1      | Reached skill level 3 in Fighting
   604 | D:1      | Reached XP level 3. HP: 29/31 MP: 3/3
  1044 | D:2      | Found a blossoming altar of Fedhas.
  1492 | D:2      | Reached XP level 4. HP: 40/40 MP: 4/4
  1843 | D:3      | Found a glowing drain.
  1948 | Sewer    | Entered a sewer
  2002 | Sewer    | Reached skill level 4 in Fighting
  2131 | Sewer    | Reached XP level 5. HP: 29/47 MP: 5/5
  2297 | Sewer    | Reached skill level 5 in Fighting
  2725 | Sewer    | HP: 2/48 [poisoned by an adder]
  2725 | Sewer    | Slain by an adder

Illustrated notes

Levels and vault maps discovered:
D:1:      dpeg_arrival_leaves_temple_mockup, layout_loops_ring
D:2:      layout_basic, basic_altar, solitary_fountain
D:3:      layout_loops_ring, shapermc_ecumenical_altar_ellora,
          gup_sewer_entry_bowl, serial_shops, nicolae_diamond_shop,
          nicolae_shop_waterfront, nicolae_shop_waterfront, shop
Sewer:    sewer_fruit_machine

Skill      XL: |  1  2  3  4  5 |
---------------+----------------+-----
Fighting       | 3 4 5 |  5.2
Throwing       | 2 |  2.9
Staves         | |  4.0
Unarmed Combat | |  3.0

Action                   |  1- 3 |  4- 6 || total
-------------------------+-------+-------++-------
Melee: Quarterstaff      |   100 |   138 ||   238
       Tailslap          |     5 |     8 ||    13
Throw: Dart              |     8 |       ||     8
  Use: Scroll            |     1 |     3 ||     4
 Stab: Sleeping          |     2 |       ||     2
Armor: Skin              |    46 |   123 ||   169
Dodge: Dodged            |    49 |   146 ||   195

Table legend: (Time is in decaauts)
 A = Elapsed time spent in this place.
 B = Non-inter-level travel time spent in this place.
 C = Inter-level travel time spent in this place.
 D = Time resting spent in this place.
 E = Time spent auto-exploring this place.
 F = Levels seen in this place.
 G = Mean time per level.
                   A        B        C        D        E       F      G
               +--------+--------+--------+--------+--------+-----+--------+
         Total |   2835 |   2804 |     31 |    101 |   2079 |   4 |  708.8 |
       Dungeon |   1964 |   1933 |     31 |    101 |   1470 |   3 |  654.7 |
         Sewer |    871 |    871 |      0 |      0 |    609 |   1 |  871.0 |
               +--------+--------+--------+--------+--------+-----+--------+

Top non-repeatable levels by time:
     D:1: 1048 daAuts
   Sewer: 871 daAuts
     D:2: 710 daAuts
     D:3: 205 daAuts
